 Dungeon Crawl Stone Soup version 0.26.0-10-g1f06aea511 (webtiles) character file.

Game seed: 7419842571754658397

333 UristMcRaven the Insei (level 6, 0/27 (30) HPs)
             Began as a Vine Stalker Transmuter on Jan 17, 2021.
             Slain by a gnoll
             ... wielding a +0 spear
              (6 damage)
             ... on level 3 of the Dungeon.
             The game lasted 00:07:52 (3710 turns).

UristMcRaven the Insei (Vine Stalker Transmuter)    Turns: 3710, Time: 00:07:53

HP:   0/27 (30)     AC:  3    Str: 12    XL:     6   Next: 52%
MP:   0/12          EV: 13    Int: 15    God:
Gold: 148           SH:  0    Dex: 15    Spells: 9/12 levels left

rFire    . . .     SeeInvis .     - Unarmed
rCold    . . .     Faith    .   (no shield)
rNeg     . . .     Spirit   +   a - +0 robe
rPois    .         Reflect  .   (helmet currently unavailable)
rElec    .         Harm     .   s - +0 cloak
rCorr    .         Rampage  .   (no gloves)
Will     .....                  (boots currently unavailable)
Stlth    ++........             (no amulet)
HPRegen  0.49/turn              c - ring of flight
MPRegen  0.13/turn              (no ring)

@: appendages, very slightly contaminated, heavily drained
A: fangs 2, horns 2, talons 2, regeneration 1, magic shield, antimagic bite, no
potion heal 3
a: End Transformation, Evoke Flight


You were on level 3 of the Dungeon.
You had grown temporary horns.
You had grown temporary talons.
You visited 1 branch of the dungeon, and saw 3 of its levels.

You collected 148 gold pieces.

Inventory:

Missiles
 b - 173 stones (quivered)
Armour
 a - a +0 robe (worn)
 h - a +0 buckler
 n - a cursed +0 pair of boots (melded)
 s - a +0 cloak (worn)
Jewellery
 c - a ring of flight (left hand)
Scrolls
 d - 3 scrolls of identify {unknown}
 f - a scroll of fear {unknown}
 g - a scroll of noise {unknown}
 j - 2 scrolls of remove curse {unknown}
 m - a scroll of magic mapping {unknown}
 o - a scroll of teleportation {unknown}
 q - a scroll of blinking {unknown}
 r - a scroll of amnesia {unknown}
 t - a scroll of fog {unknown}
Potions
 e - 2 potions of curing {unknown}
 i - 2 potions of brilliance {unknown}
 k - a potion of heal wounds {unknown}
 l - a potion of ambrosia {unknown}
 p - a potion of resistance {unknown}
 u - a potion of degeneration {unknown}


   Skills:
 - Level 1.0 Fighting
 - Level 3.0 Dodging
 + Level 1.2 Stealth
 + Level 4.3 Unarmed Combat
 + Level 3.7 Spellcasting
 + Level 3.6 Transmutations


You had 9 spell levels left.
You knew the following spells:

 Your Spells              Type           Power        Failure   Level
a - Beastly Appendage     Tmut           26%          4%          1
z - Wereblood             Tmut           13%          6%          2

Your spell library contained the following spells:

 Spells                   Type           Power        Failure   Level
 Spider Form              Tmut/Pois      4%           26%         3
 Ice Form                 Ice/Tmut       8%           65%         4
 Blade Hands              Tmut           6%           75%         5


Dungeon Overview and Level Annotations

Branches:
Dungeon (3/15)

Altars:
Kikubaaqudgha


Innate Abilities, Weirdness & Mutations

You have extremely sharp teeth.
Your natural rate of healing is unusually fast.
When hurt, damage is shared between your health and your magic reserves.
Your bite disrupts and absorbs the magic of your enemies.
Potions cannot restore your health.
You have a pair of horns on your head.
You have razor-sharp toenails.


Message History

* * * LOW HITPOINT WARNING * * *
You hit the gnoll.
The gnoll is severely wounded.
The gnoll hits you with a +0 spear!
* * * LOW HITPOINT WARNING * * *
You hit the gnoll.
You kill the gnoll!
Training target 3.0 for Dodging reached!
Your Dodging skill increases to level 3!
You hit the gnoll. You claw the gnoll.
The gnoll is heavily wounded.
The gnoll closely misses you. The gnoll barely misses you.
You hit the gnoll. Your bite misses the gnoll.
The gnoll is almost dead.
The gnoll barely misses you. The gnoll hits you with a +0 club.
* * * LOW HITPOINT WARNING * * *
You hit the gnoll.
You kill the gnoll!
The gnoll hits you from afar with a +0 spear!
You die...

..# ..###### .......# .......#
.......# ...g...#######
..##.........#
..##.........#######
..##....g......)@..#
####.....###.░g░##.######
+....)[...░.░░░......#
#.....###░░...░░░###.#########
####### ░..▓...░░░#..........
░░...▓▓...░░░░░#######
░......▓▓..)'.░░░ ####
░░.▓.....▓..░░...░░░...
░.....⌠.....░..▓...░░░#


You could see a gnoll.

Vanquished Creatures
  An ogre (D:3)
  An orc wizard (D:3)
  7 gnolls (D:3)
  9 adders
  2 worms (D:2)
  A dart slug (D:1)
  A leopard gecko (D:2)
  5 orcs (D:3)
  2 ball pythons
  8 bats
  3 giant cockroaches
  7 goblins
  7 hobgoblins
  5 jackals
  14 kobolds
  3 frilled lizards
  11 rats (D:1)
87 creatures vanquished.

Vanquished Creatures (others)
  A plant (D:3)
1 creature vanquished.

Grand Total: 88 creatures vanquished

Notes
Turn   | Place    | Note
-------+----------+-------------------------------------------
     0 | D:1      | UristMcRaven the Vine Stalker Transmuter began the quest
                  | for the Orb.
     0 | D:1      | Reached XP level 1. HP: 9/9 MP: 4/4
    24 | D:1      | Reached skill level 1 in Fighting
   511 | D:1      | Reached XP level 2. HP: 14/14 MP: 6/6
  1031 | D:1      | Reached XP level 3. HP: 16/18 MP: 7/7
  1850 | D:2      | Gained mutation: Your natural rate of healing is unusually
                  | fast. [Vine Stalker growth]
  1850 | D:2      | Reached XP level 4. HP: 22/22 MP: 9/9
  2174 | D:2      | Found an ancient bone altar of Kikubaaqudgha.
  2781 | D:3      | Learned a level 2 spell: Wereblood
  2849 | D:3      | Reached XP level 5. HP: 17/25 MP: 10/10
  3112 | D:3      | Noticed an ogre
  3178 | D:3      | Killed an ogre
  3179 | D:3      | Reached skill level 4 in Unarmed Combat
  3179 | D:3      | Reached XP level 6. HP: 8/30 MP: 2/12
  3683 | D:3      | Reached skill level 1 in Stealth
  3710 | D:3      | Slain by a gnoll

Illustrated notes

Levels and vault maps discovered:
D:1:      dpeg_arrival_ratfight, layout_loops_cross, chequers_mini_garden,
          corexii_corridor_pit
D:2:      kennysheep_big_flooded_room, layout_basic, marbit_many_paths
D:3:      minmay_skewed_foursquare, layout_basic,
          chequers_ecumenical_altar_lobes

Skill      XL: |  1  2  3  4  5  6 |
---------------+-------------------+-----
Fighting       | 1 |  1.0
Dodging        | 2 3 |  3.0
Spellcasting   | 3 |  3.7
Transmutations | 3 |  3.6
Unarmed Combat | 4 |  4.3
Stealth        | 1 |  1.2

Action                   |  1- 3 |  4- 6 || total
-------------------------+-------+-------++-------
Melee: Unarmed           |   118 |   156 ||   274
       Bite              |    27 |    27 ||    54
       Headbutt          |     5 |    12 ||    17
       Kick              |     4 |    22 ||    26
       Punch             |     1 |       ||     1
Throw: Stone             |    14 |    12 ||    26
 Cast: Beastly Appendage |     7 |    16 ||    23
       Wereblood         |       |     6 ||     6
 Stab: Sleeping          |     1 |     1 ||     2
Armor: Robe              |    26 |    34 ||    60
Dodge: Dodged            |    59 |   115 ||   174
